 Dungeon Crawl Stone Soup version 0.30.0-5-g1a98f26d00 (webtiles) character file.

Game seed: 333651001180039245

143254 SnakkuSnakku7 the Severer (level 17, -7/199 HPs)
             Began as a Human Cinder Acolyte on May 10, 2023.
             Was a High Priest of Ignis.
             Mangled by a bog body (27 damage)
             ... on level 2 of the Swamp.
             The game lasted 00:54:17 (29886 turns).

SnakkuSnakku7 the Severer (Human Cinder Acolyte)   Turns: 29886, Time: 00:54:17

Health: -7/199     AC: 31    Str: 18    XL:     17   Next: 99%
Magic:  21/21      EV:  6    Int: 20    God:    Ignis [*****.]
Gold:   313        SH: 14    Dex:  8    Spells: 20/22 levels left

rFire   + . .        a - +7 broad axe (flame)
rCold   . . .        d - +2 kite shield {reflect}
rNeg    . . .        B - +3 plate armour {rPois}
rPois   +            y - +2 hat {Will+}
rElec   .            X - +2 cloak of the Thief {*Fog Slay-2 SInv Stlth+}
rCorr   .            N - +0 pair of gloves
SInv    +            q - +0 pair of boots
Will    ++...        e - amulet of regeneration Stlth
                     j - +4 ring of slaying
HPRegen 1.33/turn    s - +4 ring of protection
MPRegen 0.17/turn

%: reflection
@: berserking, very quick
A: no striking features
a: Renounce Religion, Fiery Armour, Foxfire Swarm, Rising Flame


You were on level 2 of the Swamp.
You worshipped Ignis.
Ignis was extremely pleased with you.
You visited 4 branches of the dungeon, and saw 24 of its levels.
You also visited: Ice Cave and Volcano.

You collected 3280 gold pieces.
You spent 2967 gold pieces at shops.

Inventory:

Hand Weapons
 a - a +7 broad axe of flaming (weapon)
Missiles
 M - 10 boomerangs
 Q - 9 curare-tipped darts
Armour
 d - a +2 kite shield of reflection (worn)
 q - a +0 pair of boots (worn)
 u - the +2 ring mail of the Lich-sworn {rC+ rN+}
   (You found it on level 5 of the Dungeon)

   rC:        It protects you from cold.
   rN:        It protects you from negative energy.
 x - a +0 helmet
 y - a +2 hat of willpower (worn)
 B - a +3 plate armour of poison resistance (worn)
 H - a +0 buckler
 N - a +0 pair of gloves (worn)
 X - the +2 cloak of the Thief (worn) {*Fog Slay-2 SInv Stlth+}
   (You found it in a volcano)

   *Fog:      It may release a thick cloud of smoke when the wearer is hurt.
   Slay:      It affects your accuracy & damage with ranged weapons and melee
   (-2).
   SInv:      It lets you see invisible.
   Stlth:     It makes you more stealthy.
Jewellery
 e - an amulet of regeneration (around neck)
 j - a +4 ring of slaying (left hand)
 s - a +4 ring of protection (right hand)
 J - the ring "Lueqio" {rC+ Dex+8}
   (You found it in an ice cave)

   [ring of protection from cold]

   Dex:       It affects your dexterity (+8).
   rC:        It protects you from cold.
 L - the ring "Joog" {rN+ rCorr}
   (You found it on level 5 of the Lair of Beasts)

   [ring of resist corrosion]

   rN:        It protects you from negative energy.
   rCorr:     It protects you from acid and corrosion.
 P - a +4 ring of slaying
 U - a ring of flight
Wands
 c - a wand of flame (9)
 w - a wand of digging (16)
 z - a wand of roots (15)
 R - a wand of mindburst (13)
 T - a wand of paralysis (2)
Scrolls
 l - 16 scrolls of teleportation
 m - 3 scrolls of silence
 n - 2 scrolls of brand weapon
 r - 10 scrolls of fog
 C - 2 scrolls of fear
 D - 4 scrolls of enchant armour
 F - 4 scrolls of poison
 I - 2 scrolls of magic mapping
 K - a scroll of immolation
 O - 2 scrolls of summoning
 S - a scroll of blinking
Potions
 f - 13 potions of curing
 h - 3 potions of attraction
 i - 13 potions of heal wounds
 k - 6 potions of might
 o - 4 potions of mutation
 p - 5 potions of ambrosia
 t - 6 potions of cancellation
 v - a potion of resistance
 A - a potion of flight
 E - 6 potions of brilliance
 G - 2 potions of haste
 V - 2 potions of berserk rage
 W - 2 potions of magic
Miscellaneous
 b - a phial of floods (inert)
 g - a phantom mirror (inert)


   Skills:
 - Level 12.0 Fighting
 - Level 17.8(18.0) Axes
 - Level 3.0(12.0) Maces & Flails
 - Level 3.0 Throwing
 + Level 12.1 Armour
 - Level 5.0 Dodging
 - Level 15.0 Shields
 - Level 3.0 Spellcasting
 - Level 5.5 Fire Magic
 - Level 9.7 Evocations


You had 20 spell levels left.
You knew the following spells:

 Your Spells              Type           Power      Damage    Failure   Level
a - Scorch                Fire           50%        2d7       56%         2

Your spell library contained the following spells:

 Spells                   Type           Power      Damage    Failure   Level
 Sandblast                Erth           6%         2d5       99%         1
 Ignite Poison            Fire/Tmut/Pois 10%        N/A       99%         3
 Poisonous Vapours        Pois/Air       6%         N/A       100%        2
 Call Canine Familiar     Summ           3%         N/A       100%        3
 Mephitic Cloud           Conj/Pois/Air  3%         N/A       100%        3
 Ozocubu's Armour         Ice            3%         N/A       100%        3
 Portal Projectile        Hex/Tloc       6%         N/A       100%        3
 Spider Form              Tmut/Pois      3%         N/A       100%        3
 Tukima's Dance           Hex            3%         N/A       100%        3
 Animate Armour           Summ/Erth      6%         N/A       100%        4
 Leda's Liquefaction      Hex/Erth       1%         N/A       100%        4
 Blade Hands              Tmut           1%         N/A       100%        5
 Freezing Cloud           Conj/Ice/Air   1%         6-21      100%        5
 Irradiate                Conj/Tmut      1%         3d12      100%        5
 Summon Forest            Summ/Tloc      1%         N/A       100%        5
 Eringya's Noxious Bog    Tmut/Pois      1%         N/A       100%        6
 Iron Shot                Conj/Erth      1%         9d1       100%        6
 Dragon Form              Tmut           1%         N/A       100%        7
 Ozocubu's Refrigeration  Ice            1%         4d7       100%        7
 Summon Hydra             Summ           1%         N/A       100%        7
 Shatter                  Erth           1%         3d6*      100%        9


Dungeon Overview and Level Annotations

Branches:
Dungeon (15/15)            Temple (0/1) D:6            Lair (5/5) D:11
  Swamp (2/4) Lair:2       Spider (0/4) Lair:3        Slime (0/5) Lair:4
    Orc (2/2) D:10            Elf (0/3) Orc:2        Vaults (0/5) D:13
 Depths (0/4) D:15          IceCv (visited)         Volcano (visited)

Altars:
Ashenzari
Cheibriados
Hepliaklqana
Makhleb
Nemelex Xobeh
Qazlal
Ru
Sif Muna
Uskayaw
Vehumet
Wu Jian
Xom
Yredelemnul
Zin
Jiyva

Shops:
D:3 [   D:5 ?   D:10 !   D:12 ?   Orc:1 *   Orc:2 ??(!

Annotations:
D:10 exclusion: door
D:14 Roxanne
Lair:5 3 runed translucent doors, sasquatch's ghost, journeyman DjHW
Swamp:2 Louise


Message History

You miss the fenstrider witch. You slice the swamp worm!!
You burn the swamp worm!
You kill the swamp worm!
You block the fenstrider witch's attack. x2
You are too injured to fight recklessly!
You are too injured to fight recklessly!
Unknown command.
Unknown command.
You are too injured to fight recklessly!
You barely miss the fenstrider witch. You slash the fenstrider witch!
You burn the fenstrider witch.
The fenstrider witch is moderately wounded.
You slice the bunyip skeleton!! You burn the bunyip skeleton.
The fenstrider witch points at you and mumbles some strange words.
Your body is wracked with pain!
* * * LOW HITPOINT WARNING * * *
You slash the fenstrider witch! You burn the fenstrider witch.
The fenstrider witch is heavily wounded.
You slice the bunyip skeleton!! You burn the bunyip skeleton.
You block the bunyip skeleton's attack.
The bunyip skeleton claws you but does no damage.
The bunyip skeleton claws you!
* * * LOW HITPOINT WARNING * * *
You block the fenstrider witch's attack. x2
You slash the fenstrider witch! You burn the fenstrider witch.
The fenstrider witch is severely wounded.
You slice the bunyip skeleton!! You burn the bunyip skeleton.
You destroy the bunyip skeleton!
The bog body points at you and mumbles some strange words.
The bolt of cold hits you!
* * * LOW HITPOINT WARNING * * *
You chop the fenstrider witch into pieces!!!
You burn the fenstrider witch.
You kill the fenstrider witch!
You hear a splash.
You feel a strong urge to attack something.
The bog body touches you.
* * * LOW HITPOINT WARNING * * *
The bog body freezes you!!
You die...

♣.~~~~~... ...♣
♣♣.~~~.~.~ ~ ^[~.♣
♣♣♣♣....~♣.♣♣ ~
~~~~.♣♣~§..~~..°..♣
~~.~~.§♣.~~§§§§..~♣♣
~§~~~§~§~~~§§§§§~.~♣~
~~~~~~~.♣♣♣§§§§§~.§~.
~~~~~~...§♣♣§§§§..~♣.
~~~~~§...§n@n§§§.....
.~~~...~†§§§§~§§~§..~
!....~$.§~§§§~~~§~.~~
.~~~....§.~~§~§~~~..~
~~~♣♣♣§n§§$~~~~......
§~♣§~§§§n.§§~~.......
~~...§§§§§§§...§...
~♣###§##§§§♣.~~~.♣
♣≈~~?§§§♣♣♣§.~§.♣


You could see 2 bog bodies.

Vanquished Creatures
  Kirke (D:15)
  A fenstrider witch (Swamp:2)
  2 azure jellies (IceCv)
  Donald (Orc:1)
  2 orc warlords (Orc:2)
  3 quicksilver oozes
  3 eleionomae
  Azrael (D:12)
  Josephine (D:12)
  An ettin (D:15)
  Fannar (D:10)
  A fire dragon (Volcano)
  8 vault guards
  A yaktaur captain (D:13)
  Erolcha (D:12)
  4 centaur warriors
  2 ghost crabs (Swamp:1)
  2 catoblepae
  4 boulder beetles
  4 hydras
  7 two-headed ogres
  A death knight (D:14)
  8 alligators
  4 orc high priests (Orc:2)
  3 tengu warriors
  A deep elf knight (Orc:2)
  The ghost of SecretSquirrel the Cleaver, a novice MiFi (D:8)
  2 skysharks (Lair:4)
  3 sun demons (Volcano)
  A fire crab (shapeshifter) (D:14)
  A skeletal warrior (D:14)
  2 death drakes (Swamp:1)
  A goliath frog (Swamp:1)
  2 bunyip skeletons (Swamp:2)
  A bunyip zombie (Swamp:2)
  A pharaoh ant (Lair:3)
  A swamp dragon (Swamp:1)
  2 deep trolls (D:15)
  2 wizards (D:15)
  4 bog bodies
  A lindwurm (Lair:4)
  2 phantasmal warriors (D:14)
  5 deep elf pyromancers
  6 cyclopes
  A necromancer (D:15)
  13 orc sorcerers
  10 ugly things
  7 orc knights
  5 manticores
  23 elephants
  3 will-o-the-wisps
  3 ice statues (IceCv)
  3 black mambas
  2 torpor snails
  10 cane toads
  2 smoke demons (Volcano)
  A freezing wraith (D:14)
  An efreet (D:15)
  3 unseen horrors
  Psyche (D:9)
  A kobold demonologist (D:14)
  7 rime drakes
  6 komodo dragons
  7 trolls
  10 polar bears
  2 tarantellas (Lair:3)
  A wind drake (shapeshifter) (D:13)
  A tyrant leech (Swamp:1)
  10 hornets
  9 dream sheep
  16 blink frogs
  A centaur simulacrum (D:14)
  25 slime creatures
  A jumping spider (shapeshifter) (D:14)
  A shadow (D:13)
  7 wraiths
  A ynoxinul (D:8)
  21 spriggans
  6 wyverns
  4 fire elementals
  A human (D:12)
  36 yaks
  7 steam dragons
  5 basilisks
  3 hogs
  8 vampire mosquitoes
  A spriggan simulacrum (Swamp:2)
  2 redbacks (Lair:3)
  9 wargs
  6 swamp worms
  7 acid dragons
  4 hell hounds
  9 water moccasins
  29 orc warriors
  A sky beast (D:7)
  A hornet zombie (Swamp:2)
  4 great orb of eyes simulacra (IceCv)
  3 boggarts (Lair:5)
  5 black bears
  34 wolves
  5 ogres
  2 phantoms
  3 centaurs
  3 slime creature simulacra (IceCv)
  A swamp dragon skeleton (Swamp:2)
  A kobold brigand (D:8)
  7 bullfrogs
  2 scorpions
  A gnoll sergeant (D:8)
  A glowing shapeshifter simulacrum (IceCv)
  3 wights (D:7)
  14 killer bees
  12 howler monkeys
  10 jellies
  23 orc priests
  2 hounds
  An iguana (D:6)
  3 gnoll boudas
  25 orc wizards
  Natasha (thrice) (D:1)
  A sleepcap (D:7)
  2 shapeshifter simulacra (IceCv)
  Robin (D:2)
  18 gnolls
  6 adders
  A shadow imp (D:8)
  2 white imps
  2 worms
  A dart slug (D:1)
  68 orcs
  5 bats
  5 endoplasms
  3 giant cockroaches
  13 goblins
  4 hobgoblins
  4 jackals (D:1)
  2 quokkas (D:1)
  4 ball pythons
  2 frilled lizards
  6 kobolds
  7 rats
785 creatures vanquished.

Vanquished Creatures (others)
  A bunyip (Swamp:2)
  An alligator (Swamp:2)
  An orc priest (Orc:1)
  An orc (D:8)
  16 foxfires
20 creatures vanquished.

Grand Total: 805 creatures vanquished

Notes
Turn   | Place    | Note
-------+----------+-------------------------------------------
     0 | D:1      | SnakkuSnakku7 the Human Cinder Acolyte began the quest for
                  | the Orb.
     0 | D:1      | Reached XP level 1. HP: 18/18 MP: 2/2
   189 | D:1      | Reached XP level 2. HP: 23/24 MP: 3/3
   348 | D:1      | Learned a level 2 spell: Scorch
   490 | D:1      | Reached XP level 3. HP: 29/29 MP: 3/5
  1059 | D:2      | Noticed Natasha
  1178 | D:1      | Killed Natasha
  1179 | D:1      | Reached XP level 4. HP: 20/35 MP: 0/8
  1522 | D:2      | Noticed Robin
  1544 | D:2      | Killed Robin
  1831 | D:1      | Noticed Natasha
  1833 | D:1      | Killed Natasha
  1834 | D:1      | Reached XP level 5. HP: 36/41 MP: 4/9
  1963 | D:1      | Noticed Natasha
  1967 | D:1      | Killed Natasha
  2037 | D:3      | Found a faded altar of an unknown god.
  2044 | D:3      | Found a radiant altar of Vehumet.
  2066 | D:2      | Reached skill level 5 in Fire Magic
  2116 | D:3      | Reached XP level 6. HP: 47/47 MP: 5/10
  2249 | D:3      | Found Mysu's Armour Shoppe.
  2291 | D:3      | Found a glowing silver altar of Zin.
  2593 | D:3      | Found a snail-covered altar of Cheibriados.
  2659 | D:3      | Found an ornate altar of the Wu Jian Council.
  2899 | D:4      | Identified the +2 mace "Aprir" {antimagic, *Noise rCorr
                  | Dex-5 SInv}
  2947 | D:4      | Found a basalt altar of Yredelemnul.
  3153 | D:4      | Found a sacrificial altar of Ru.
  3243 | D:4      | Noticed an ogre
  3256 | D:4      | Killed an ogre
  3257 | D:4      | Reached skill level 5 in Fighting
  3257 | D:4      | Reached XP level 7. HP: 56/56 MP: 6/11
  3536 | D:3      | Bought a +0 buckler for 49 gold pieces
  3565 | D:5      | Entered Level 5 of the Dungeon
  3624 | D:4      | Reached skill level 1 in Shields
  4032 | D:5      | Reached XP level 8. HP: 33/62 MP: 2/12
  4159 | D:5      | Reached skill level 5 in Shields
  4286 | D:5      | Found Leodikuo's Magic Scroll Emporium.
  4297 | D:5      | Bought a scroll of teleportation for 30 gold pieces
  4297 | D:5      | Bought a scroll of noise for 10 gold pieces
  4297 | D:5      | Bought a scroll of teleportation for 30 gold pieces
  4297 | D:5      | Bought a scroll of fog for 40 gold pieces
  4297 | D:5      | Bought a scroll of identify for 20 gold pieces
  4409 | D:5      | Identified the +2 ring mail of the Lich-sworn {rC+ rN+}
  4554 | D:6      | Reached skill level 1 in Throwing
  4563 | D:6      | Found a burning altar of Makhleb.
  4959 | D:6      | Reached skill level 1 in Evocations
  5144 | D:6      | Found a staircase to the Ecumenical Temple.
  5257 | D:6      | Found a stormy altar of Qazlal.
  5483 | D:6      | Reached skill level 1 in Armour
  5604 | D:7      | Reached XP level 9. HP: 65/68 MP: 3/13
  5911 | D:7      | Found a sparkling altar of Nemelex Xobeh.
  6154 | D:7      | Reached skill level 5 in Armour
  6281 | D:7      | Reached skill level 1 in Dodging
  6931 | D:7      | Identified the +2 quarterstaff of Vengeance {heavy, rElec
                  | Will+ Dex+2}
  6964 | D:7      | Reached skill level 5 in Dodging
  7376 | D:8      | Reached skill level 1 in Axes
  7436 | D:8      | Reached skill level 2 in Axes
  7479 | D:8      | Found Qaagebbo's Magic Scroll Boutique.
  7489 | D:8      | Bought a scroll of teleportation for 30 gold pieces
  7489 | D:8      | Bought a scroll of teleportation for 30 gold pieces
  7489 | D:8      | Bought a scroll of fear for 40 gold pieces
  7489 | D:8      | Bought a scroll of identify for 20 gold pieces
  7489 | D:8      | Bought a scroll of identify for 20 gold pieces
  7552 | D:8      | Found a runed translucent door.
  7553 | D:8      | Noticed SecretSquirrel's ghost (novice MiFi)
  7590 | D:7      | Reached skill level 3 in Axes
  7590 | D:7      | Reached XP level 10. HP: 61/74 MP: 14/14
  8107 | D:8      | Reached skill level 4 in Axes
  8185 | D:8      | Reached skill level 5 in Axes
  8386 | D:8      | Reached skill level 6 in Axes
  9388 | D:9      | Reached skill level 7 in Axes
  9411 | D:9      | Noticed a two-headed ogre
  9415 | D:9      | Noticed Psyche
  9423 | D:9      | Killed a two-headed ogre
  9424 | D:9      | Reached skill level 8 in Axes
  9574 | D:9      | Killed Psyche
 10092 | D:8      | Bought a scroll of enchant weapon for 75 gold pieces
 10140 | D:10     | Entered Level 10 of the Dungeon
 10140 | D:10     | Noticed a two-headed ogre
 10154 | D:10     | Killed a two-headed ogre
 10155 | D:10     | Reached skill level 9 in Axes
 10155 | D:10     | Reached XP level 11. HP: 29/79 MP: 1/15
 10482 | D:10     | Noticed a two-headed ogre
 10494 | D:10     | Killed a two-headed ogre
 10495 | D:10     | Reached skill level 10 in Axes
 10552 | D:10     | Noticed Fannar
 10568 | D:10     | Killed Fannar
 10682 | D:9      | Reached skill level 11 in Axes
 10848 | D:10     | Found a staircase to the Orcish Mines.
 11069 | D:10     | Found a broken altar of Ashenzari.
 11552 | D:10     | Found Ducit's Distillery.
 11553 | D:10     | Identified a scroll of acquirement
 11559 | D:10     | Acquired 974 gold pieces
 11668 | D:5      | Bought a scroll of magic mapping for 75 gold pieces
 11668 | D:5      | Bought a scroll of fog for 40 gold pieces
 11668 | D:5      | Bought a scroll of identify for 20 gold pieces
 11735 | D:3      | Bought a +3 plate armour of poison resistance for 462 gold
                  | pieces
 11930 | D:10     | Found a shimmering blue altar of Sif Muna.
 12055 | D:10     | Reached skill level 12 in Axes
 12058 | D:10     | Bought a potion of curing for 42 gold pieces
 12058 | D:10     | Bought a potion of resistance for 140 gold pieces
 12058 | D:10     | Bought 2 potions of ambrosia for 224 gold pieces
 12299 | D:11     | Found a staircase to the Lair.
 12321 | D:11     | Noticed a two-headed ogre
 12344 | D:11     | Killed a two-headed ogre
 12961 | D:11     | Noticed a two-headed ogre
 12971 | D:11     | Killed a two-headed ogre
 13192 | D:11     | Reached skill level 13 in Axes
 13192 | D:11     | Reached XP level 12. HP: 78/86 MP: 16/16
 13320 | Lair:1   | Entered Level 1 of the Lair of Beasts
 13839 | Lair:1   | Reached skill level 14 in Axes
 14137 | Lair:1   | You fall into a shaft and drop 1 floor!
 14347 | Lair:2   | Noticed a catoblepas
 14375 | Lair:2   | Killed a catoblepas
 14388 | Lair:2   | Reached skill level 15 in Axes
 14841 | Lair:2   | Noticed an eight-headed hydra
 14853 | Lair:2   | Killed a five-headed hydra
 15097 | Lair:2   | Found a staircase to the Swamp.
 15295 | Lair:2   | Reached skill level 16 in Axes
 15302 | Lair:2   | Reached XP level 13. HP: 46/91 MP: 17/17
 16472 | Lair:3   | Reached skill level 17 in Axes
 16986 | Lair:3   | Found a hole to the Spider Nest.
 17543 | Lair:4   | Found a dark tunnel.
 17588 | Volcano  | Entered a volcano
 17925 | Volcano  | Noticed a fire dragon
 17925 | Volcano  | Found the +2 cloak of the Thief {*Fog Slay-2 SInv Stlth+}
 17941 | Volcano  | Killed a fire dragon
 17942 | Volcano  | Reached XP level 14. HP: 65/106 MP: 18/18
 18357 | Lair:4   | Found a runed translucent door.
 18357 | Lair:4   | Found a viscous altar of Jiyva.
 18358 | Lair:4   | Found a staircase to the Slime Pits.
 18821 | Lair:5   | Entered Level 5 of the Lair of Beasts
 18880 | Lair:4   | Reached skill level 10 in Fighting
 19025 | Lair:5   | Found a frozen archway.
 19057 | IceCv    | Entered an ice cave
 19530 | IceCv    | Noticed a quicksilver ooze
 19541 | IceCv    | Killed a quicksilver ooze
 19625 | IceCv    | Noticed a quicksilver ooze
 19641 | IceCv    | Killed a quicksilver ooze
 19670 | IceCv    | Noticed an azure jelly
 19688 | IceCv    | Killed an azure jelly
 19746 | IceCv    | Found a viscous altar of Jiyva.
 19746 | IceCv    | Noticed an azure jelly
 19764 | IceCv    | Killed an azure jelly
 19798 | IceCv    | Got the ring "Lueqio" {rC+ Dex+8}
 19978 | Lair:5   | Reached XP level 15. HP: 87/120 MP: 19/19
 20047 | Lair:5   | Found a runed translucent gate.
 20047 | Lair:5   | Found a runed translucent gate.
 20047 | Lair:5   | Found a runed translucent gate.
 20443 | Lair:5   | Identified the ring "Joog" {rN+ rCorr}
 20469 | Lair:5   | Reached skill level 10 in Armour
 20831 | Lair:5   | Noticed a quicksilver ooze
 20880 | Lair:5   | Killed a quicksilver ooze
 21005 | Lair:5   | Noticed sasquatch's ghost (journeyman DjHW)
 21406 | D:8      | Killed SecretSquirrel's ghost
 21424 | D:8      | Got the Anthology of the Ground
 21555 | Orc:1    | Entered Level 1 of the Orcish Mines
 21804 | Orc:2    | Entered Level 2 of the Orcish Mines
 21833 | Orc:2    | Found a staircase to the Elven Halls.
 21834 | Orc:2    | Noticed Donald
 22131 | Orc:1    | Reached skill level 5 in Evocations
 22288 | Orc:1    | Found Tuhafioth's General Store.
 22295 | Orc:1    | Bought 2 potions of heal wounds for 130 gold pieces
 22295 | Orc:1    | Bought a +2 hat of willpower for 273 gold pieces
 22522 | Orc:2    | Noticed an orc warlord
 22558 | Orc:2    | Killed an orc warlord
 22702 | Orc:2    | Identified the +1 scimitar of Siphuf {holy, rN+ Will+ Str+3
                  | Int+2}
 22811 | Orc:2    | Noticed an orc warlord
 22834 | Orc:2    | Killed an orc warlord
 22835 | Orc:2    | Reached XP level 16. HP: 127/127 MP: 20/20
 23287 | Orc:2    | Found Ruzion's Magic Scroll Boutique.
 23294 | Orc:2    | Found Ylly's Distillery.
 23298 | Orc:2    | Found Napp's Antique Weapon Shoppe.
 23301 | Orc:2    | Found Sicextid's Magic Scroll Boutique.
 23659 | Orc:2    | Bought a scroll of teleportation for 39 gold pieces
 23659 | Orc:2    | Bought a scroll of fear for 52 gold pieces
 23659 | Orc:2    | Bought a scroll of magic mapping for 97 gold pieces
 23659 | Orc:2    | Bought a scroll of fog for 52 gold pieces
 23659 | Orc:2    | Bought a scroll of enchant weapon for 97 gold pieces
 23659 | Orc:2    | Bought a scroll of blinking for 97 gold pieces
 23659 | Orc:2    | Bought a scroll of enchant armour for 97 gold pieces
 23671 | Orc:2    | Bought a scroll of teleportation for 36 gold pieces
 23671 | Orc:2    | Bought a scroll of fog for 48 gold pieces
 23671 | Orc:2    | Bought a scroll of fear for 48 gold pieces
 23671 | Orc:2    | Bought a scroll of fog for 48 gold pieces
 23671 | Orc:2    | Bought a scroll of enchant armour for 90 gold pieces
 23674 | Orc:2    | Bought a potion of heal wounds for 60 gold pieces
 23674 | Orc:2    | Bought a potion of haste for 120 gold pieces
 23674 | Orc:2    | Bought a potion of might for 48 gold pieces
 23674 | Orc:2    | Bought a potion of might for 48 gold pieces
 23865 | Orc:1    | Killed Donald
 23981 | D:12     | Noticed Azrael
 23998 | D:12     | Killed Azrael
 24081 | D:12     | Noticed Erolcha
 24092 | D:12     | Killed Erolcha
 24151 | D:12     | Noticed Josephine
 24171 | D:12     | Killed Josephine
 24627 | D:12     | Found Ytsexeux's Magic Scroll Emporium.
 24633 | D:12     | Bought a scroll of teleportation for 45 gold pieces
 24633 | D:12     | Bought a scroll of teleportation for 45 gold pieces
 25195 | D:13     | Found a gate to the Vaults.
 25514 | D:13     | Found a hide-covered altar of Uskayaw.
 26235 | D:14     | Reached skill level 10 in Shields
 26236 | D:14     | Found a shimmering altar of Xom.
 26310 | D:14     | Identified Roxanne's Tome of Metamorphosis
 26310 | D:14     | Noticed Roxanne
 26437 | D:14     | Reached XP level 17. HP: 107/133 MP: 21/21
 26700 | D:14     | Got the Compilation of the Panacea
 26978 | D:15     | Entered Level 15 of the Dungeon
 27338 | D:15     | Noticed Kirke
 27430 | D:15     | Killed Kirke
 27988 | D:15     | Found a staircase to the Depths.
 28234 | D:15     | Found a hazy altar of Hepliaklqana.
 28465 | Swamp:1  | Entered Level 1 of the Swamp
 29612 | Swamp:2  | Noticed Louise
 29864 | Swamp:2  | Reached skill level 15 in Shields
 29886 | Swamp:2  | Mangled by a bog body

Illustrated notes

Levels and vault maps discovered:
D:1:      minmay_arrival_three_doors, layout_basic
D:2:      layout_basic, minmay_split_cup_large, uniq_natasha, uniq_robin
D:3:      layout_basic, mainiacjoe_overflow_catwalk_spiral,
          mainiacjoe_overflow_cross_hatched, old_standard_altar,
          dreamdust_ecumenical_altar_statues, serial_shops, shop
D:4:      layout_cave_pools, mainiacjoe_overflow_tiny_flanked,
          mainiacjoe_overflow_small_starburst, chequers_serial_rivers_small_3,
          moated_statue, kennysheep_decorative_pillar
D:5:      layout_basic, serial_shops, shop_statue, serial_glass,
          glass_columns_b, glass_columns_a, due_unseen_surprise,
          item_on_display_a, minmay_strange_pillars, feat_on_display
D:6:      layout_rooms, mainiacjoe_overflow_six_doors_small,
          mainiacjoe_overflow_chevrons, temple_hall
D:7:      layout_gridville, mainiacjoe_overflow_boulevard
D:8:      layout_cave_pools, serial_shops,
          nicolae_shop_competitors_out_of_business, hellmonk_ghost_big_iron,
          kennysheep_nondescript
D:9:      layout_roguey, uniq_psyche
D:10:     layout_long_grid, mainiacjoe_overflow_concentric_impassable,
          led_sif_book, minmay_orc_entry_guard_dogs, serial_shops, shop,
          uniq_fannar
D:11:     layout_basic, lair_entry_dummy
D:12:     layout_loops_corners, serial_shops, shop, grunt_livestock,
          uniq_erolcha, uniq_josephine, uniq_azrael
D:13:     kennysheep_scales, layout_basic, erik_vaults_2,
          nicolae_uskayaw_dance_hall
D:14:     layout_irregular_city, xom_teletrap_fun, st_stairs_14, uniq_roxanne
D:15:     hangedman_depths_entry_civil_slaughter, layout_long_grid,
          nicolae_hepliaklqana_hippocampus, kennysheep_pointless_box, uniq_kirke
Lair:1:   layout_gridlike, grunt_megastairs_3
Lair:2:   layout_chaotic_city, minmay_swamp_entry_swarm,
          grunt_forest_stairs_basic
Lair:3:   layout_long_grid, nicolae_spider_entry_lesser_pyramids,
          chequers_serial_rivers_micro_a, dreamdust_gnoll_shepherd,
          grunt_megastairs_5
Lair:4:   layout_loops_ring, slime_entry_2, nicolae_volcano_entry_vermiform,
          small_statue_intersection
Lair:5:   minmay_lair_end_enchanted_forest, layout_gridlike,
          portal_ice_cave_entry_pillars_2, gammafunk_ghost_necromancy,
          serial_bayou_pond_c, nicolae_lair_time_for_slime
Swamp:1:  layout_basic_swamp, evilmike_swamp_ruin_house_2,
          nicolae_swamp_soggy_hallways
Swamp:2:  gammafunk_mikee_crab_dinner, layout_basic_swamp,
          hangedman_swamp_ruin_wall, swamp_pool2, beargit_kiku_chapel,
          uniq_louise
Orc:1:    layout_caves, serial_shops,
          nicolae_shop_temple_entry_statues_fountains
Orc:2:    st_orc_elflike, layout_caves, elf_legates, uniq_donald

Skill      XL: |  1  2  3  4  5  6  7  8  9 10 11 12 13 14 15 16 17 |
---------------+----------------------------------------------------+-----
Spellcasting   | 2 3 |  3.0
Fire Magic     | 4 5 |  5.5
Fighting       | 5 8 12 | 12.0
Shields        | 4 5 10 15 | 15.0
Throwing       | 3 |  3.0
Evocations     | 4 7 9 |  9.7
Armour         | 1 5 8 12 | 12.1
Dodging        | 5 |  5.0
Axes           | 3 9 13 16 17 | 17.8
Maces & Flails | |  3.0

Action                     |  1- 3 |  4- 6 |  7- 9 | 10-12 | 13-15 | 16-18 || total
---------------------------+-------+-------+-------+-------+-------+-------++-------
  Melee: Mace              |    59 |    51 |       |       |       |       ||   110
         Flail             |       |    60 |    32 |       |       |       ||    92
         Punch             |       |       |     1 |       |       |       ||     1
         Hand axe          |       |       |    12 |    31 |       |       ||    43
         Broad axe         |       |       |       |   283 |  1058 |   915 ||  2256
         Unarmed           |       |       |       |       |       |     1 ||     1
  Throw: Dart              |       |       |       |    23 |     6 |       ||    29
         Boomerang         |       |       |       |     2 |       |       ||     2
   Cast: Scorch            |    11 |    39 |   145 |    71 |       |       ||   266
 Invoke: Fiery Armour      |     1 |       |     1 |       |       |     1 ||     3
  Evoke: Wand              |       |     1 |     4 |    25 |    21 |     4 ||    55
         Phial of floods   |       |       |       |     1 |       |     1 ||     2
         Phantom mirror    |       |       |       |       |       |     2 ||     2
    Use: Scroll            |       |     2 |    11 |    14 |    12 |     5 ||    44
         Potion            |       |       |       |     3 |    12 |     8 ||    23
   Stab: Paralysed         |       |       |       |     6 |     1 |       ||     7
         Petrified         |       |       |       |     5 |       |       ||     5
         Invisible         |       |       |       |       |     3 |       ||     3
 Armour: Robe              |    14 |       |       |       |       |       ||    14
         Ring mail         |    37 |    25 |    24 |    90 |    46 |       ||   222
         Scale mail        |       |    33 |    29 |       |       |       ||    62
         Plate armour      |       |       |       |   132 |   606 |   503 ||  1241
  Dodge: Dodged            |    70 |    58 |    56 |   186 |   281 |   155 ||   806
  Block: Buckler           |       |       |     9 |    82 |   159 |    18 ||   268
         Kite shield       |       |       |       |       |       |   403 ||   403
         Reflection        |       |       |       |       |       |    11 ||    11
